AoeStats
← Dr. F

Arabia

508544016Analyzed
1v1 RM · 9d ago on Sep 23, 2026· 48m 50s· 2 players
Game mode
Random Map
Map size
Tiny (2 player)
Population
200
Speed
Normal
Resources
Standard
Victory
Conquest
Starting age
Dark Age
Ending age
Imperial Age
RankedLock teamsTeams togetherTeam positionsShared explorationLock speedFull tech treeHidden civsTurbo modeCheats
Victory
Defeat
🇺🇸 Britons · United States
514
+14
🇺🇸 Vietnamese · United States
480
-14
buckbuckfire
8:18 Loom
13:33 Feudal Age
14:08 Double-Bit Axe
14:37 Horse Collar
24:58 Castle Age
25:10 Bloodlines
32:51 Forging
37:25 Elite Skirmisher
43:28 Wheelbarrow
42:49 Fletching
43:02 Padded Archer Armor
43:02 Gold Mining
45:07 Pikeman
48:49 Imperial Age
Dr. F
3:33 Loom
11:26 Feudal Age
12:02 Horse Collar
13:00 Wheelbarrow
15:05 Double-Bit Axe
20:18 Fletching
20:39 Man-at-Arms
23:26 Castle Age
21:16 Arson
22:56 Padded Archer Armor
23:07 Forging
22:59 Gold Mining
23:04 Stone Mining
22:43 Man-at-Arms
23:31 Crossbowman
24:45 Bodkin Arrow
25:33 Bow Saw
26:56 Iron Casting
31:54 Gold Shaft Mining
30:44 Pikeman
31:27 Scale Mail Armor
33:03 Chain Mail Armor
34:16 Hand Cart
36:43 Town Watch
38:52 Squires
38:15 Long Swordsman
40:17 Heavy Plow
39:39 Long Swordsman
41:53 Fervor
41:47 Husbandry
42:22 Scale Barding Armor
42:33 Leather Archer Armor
42:06 Gambesons
43:57 Chain Barding Armor
48:21 Imperial Age
46:06 Town Patrol
Connection lost

Rejoining the realm…

Still unreachable

The connection could not be restored.

Session expired

The server has moved on; the page needs a fresh start.